 Dungeon Crawl Stone Soup version 0.21.1-1-g345015fe64 (webtiles) character file.

379 Lavandula the Chopper (level 6, -1/51 HPs)
             Began as a Centaur Berserker on June 17, 2018.
             Was a Believer of Trog.
             Splashed by a jelly's acid (8 damage)
             ... on level 5 of the Dungeon.
             The game lasted 00:05:42 (1034 turns).

Lavandula the Chopper (Centaur Berserker)           Turns: 1034, Time: 00:05:43

Health: -1/51      AC:  1    Str: 22    XL:     6   Next: 45%
Magic:  6/6        EV:  9    Int:  6    God:    Trog [**....]
Gold:   88         SH:  0    Dex:  8    Spells: 5/5 levels left

rFire    . . .     SeeInvis .   a - +0 hand axe
rCold    . . .     Gourm    .   (no shield)
rNeg     . . .     Faith    .   b - +0 animal skin
rPois    .         Spirit   .   f - +0 helmet
rElec    .         Reflect  .   (no cloak)
rCorr    .         Harm     .   (no gloves)
MR       .....                  (no barding)
Stlth    +.........             (no amulet)
HPRegen  0.17/turn              (no ring)
MPRegen  0.10/turn              (no ring)

@: corroded, berserk cooldown, slowed
A: large, hooves 3, deformed body, speed 2, tough skin 3
a: Berserk, Trog's Hand, Burn Spellbooks, Renounce Religion


You were on level 5 of the Dungeon.
You worshipped Trog.
Trog was pleased with you.
You were hungry.

You visited 1 branch of the dungeon, and saw 5 of its levels.

You collected 88 gold pieces.

Inventory:

Hand Weapons
 a - a +0 hand axe (weapon)
 l - a +3 hunting sling of freezing
Missiles
 k - 4 tomahawks (quivered)
 r - 23 arrows
Armour
 b - a +0 animal skin (worn)
 f - a +0 helmet (worn)
Scrolls
 e - a scroll of fear {unknown}
 h - a scroll of identify {unknown}
 j - a scroll of teleportation {unknown}
 n - a scroll of remove curse {unknown}
 o - a scroll of noise {unknown}
 q - 2 scrolls of immolation
Potions
 d - a potion of mutation {unknown}
 g - a potion of curing {unknown}
 m - a potion of invisibility {unknown}
 p - a potion of cancellation {unknown}
Comestibles
 c - 6 rations
 i - 5 chunks of flesh


   Skills:
 - Level 3.0 Fighting
 + Level 6.7 Axes
 - Level 1.3 Armour
 - Level 1.3 Dodging


You had 5 spell levels left.
You didn't know any spells.

Dungeon Overview and Level Annotations

Branches:
Dungeon (5/15)
 Temple: D:4-7

Altars:

Annotations:
D:3 Henning's ghost, amateur TrAK


Innate Abilities, Weirdness & Mutations

You have hooves in place of feet.
Armour fits poorly on your strangely shaped body.
You cover ground very quickly.
You have extremely tough skin. (AC +3)


Message History

You hit the jelly.
Your hands burn!
* * * LOW HITPOINT WARNING * * *
The orc priest hits you with a trident.
* * * LOW HITPOINT WARNING * * *
The orc wizard hits you but does no damage.
The jelly hits you but does no damage. The orc priest hits you with a trident.
* * * LOW HITPOINT WARNING * * *
The orc wizard hits you but does no damage.
The orc priest hits you but does no damage.
The orc wizard mumbles some strange words.
The orc wizard blinks!
There is a stone staircase leading up here.
The jelly hits you but does no damage.
The orc wizard hits you but does no damage.
The orc priest hits you from afar with a trident.
* * * LOW HITPOINT WARNING * * *
The jelly hits you.
* * * LOW HITPOINT WARNING * * *
The acid corrodes you!
You are splashed with acid!
The acid burns!
You die...

##.....#...
######..........
....#...........
...............
..............
#./..........
#.###o..)........
#....@Jo........
#####$.)).......
#....###...##..
...######..## ..#
#..<## #
...............
####.#..##.....
.. .... #... ...
...## ..


You could see a jelly, an orc priest and an orc wizard.

Vanquished Creatures
  Blork the orc (D:4)
  A bullfrog (D:4)
  An orc priest (D:5)
  A centaur skeleton (D:4)
  An orc wizard (D:4)
  An iguana (D:4)
  Jessica (D:2)
  2 worker ants (D:4)
  An adder (D:2)
  2 worms (D:2)
  2 dart slugs
  4 orcs
  6 bats (D:2)
  5 giant cockroaches
  A goblin (D:2)
  2 hobgoblins (D:2)
  4 jackals (D:4)
  3 kobolds (D:2)
  2 quokkas
  2 ball pythons (D:4)
  A frilled lizard (D:2)
  A jackal skeleton (D:4)
  2 rats (D:2)
47 creatures vanquished.

Notes
Turn   | Place    | Note
-------+----------+-------------------------------------------
     0 | D:1      | Lavandula the Centaur Berserker began the quest for the Orb.
     0 | D:1      | Reached XP level 1. HP: 19/19 MP: 1/1
    27 | D:1      | You fall through a shaft!
    47 | D:2      | Reached skill level 3 in Axes
    49 | D:2      | Reached XP level 2. HP: 26/26 MP: 2/2
   156 | D:2      | Reached XP level 3. HP: 27/31 MP: 3/3
   210 | D:2      | Reached skill level 4 in Axes
   240 | D:2      | Reached ** piety under Trog
   312 | D:3      | Noticed Henning's ghost (amateur TrAK)
   371 | D:2      | Noticed Jessica
   375 | D:2      | Killed Jessica
   518 | D:3      | Reached XP level 4. HP: 38/38 MP: 4/4
   606 | D:4      | Reached skill level 5 in Axes
   609 | D:4      | Reached XP level 5. HP: 30/45 MP: 5/5
   739 | D:5      | Entered Level 5 of the Dungeon
   859 | D:4      | Noticed Blork the orc
   865 | D:4      | Killed Blork the orc
   865 | D:4      | Reached skill level 6 in Axes
   933 | D:4      | Reached XP level 6. HP: 41/51 MP: 6/6
  1034 | D:5      | Splashed by a jelly's acid

Skill      XL: |  1  2  3  4  5 |
---------------+----------------+-----
Axes           | 3 4 5 6 |  6.7
Fighting       | |  3.0
Armour         | |  1.3
Dodging        | |  1.3

Action                   |  1- 3 |  4- 6 || total
-------------------------+-------+-------++-------
Melee: Hand axe          |    48 |    46 ||    94
       Kick              |     8 |    10 ||    18
Invok: Berserk           |     3 |     4 ||     7
  Use: Scroll            |       |     1 ||     1
  Eat: Chunk             |       |     5 ||     5
Armor: Animal skin       |    30 |    23 ||    53
Dodge: Dodged            |    25 |    25 ||    50
